 Dungeon Crawl Stone Soup version 0.31-a0-261-g072fdb8a1f (webtiles) character file.

Game seed: 3887797740232037520

41575 qw the Marksminotaur (level 13, -15/119 HPs)
             Began as a Minotaur Hexslinger on July 13, 2023.
             Was an Elder of Okawaru.
             Demolished by a snapping turtle (16 damage)
             ... on level 5 of the Lair of Beasts.
             The game lasted 00:08:07 (15561 turns).

qw the Marksminotaur (Minotaur Hexslinger)         Turns: 15561, Time: 00:08:08

Health: -15/119    AC: 12    Str: 14    XL:     13   Next: 80%
Magic:  19/19      EV: 28    Int: 20    God:    Okawaru [****..]
Gold:   729        SH:  0    Dex: 23    Spells: 13/14 levels left

rFire   + . .        t - +1 arbalest
rCold   . . .        (shield currently unavailable)
rNeg    . . .        s - +0 acid dragon scales of Resilience {+Inv rF+ Regen+ rCorr Int+7}
rPois   .            g - +2 hat {Int+3}
rElec   .            e - +1 cloak of Starlight {*Dazzle EV+4 Stlth--}
rCorr   +            (no gloves)
SInv    .            (no boots)
Will    .....        b - amulet of faith Stlth
                     h - +6 ring of dexterity
HPRegen 1.19/turn    k - +5 ring of evasion
MPRegen 0.16/turn

%: faith
@: about to teleport, mesmerised
A: horns 2, retaliatory headbutt
a: Renounce Religion, Evoke Invisibility, Heroism, Finesse


You were on level 5 of the Lair of Beasts.
You worshipped Okawaru.
Okawaru was greatly pleased with you.
You visited 3 branches of the dungeon, and saw 17 of its levels.
You also visited: Gauntlet.

You collected 942 gold pieces.
You spent 213 gold pieces at shops.


Innate Abilities, Weirdness & Mutations

You have a pair of horns on your head.
You reflexively headbutt those who attack you in melee.


   Skills:
 + Level 12.3 Fighting
 - Level 18.0 Ranged Weapons
 - Level 6.7 Armour
 - Level 10.1 Dodging
 - Level 1.0 Spellcasting
 - Level 2.0 Hexes
 - Level 10.0 Invocations


You had 13 spell levels left.
You knew the following spells:

 Your Spells              Type           Power      Damage    Failure   Level
a - Slow                  Hex            36%        N/A       11%         1

Your spell library contained the following spells:

 Spells                   Type           Power      Damage    Failure   Level
 Inner Flame              Hex/Fire       5%         N/A       43%         3
 Portal Projectile        Hex/Tloc       10%        N/A       43%         3
 Cause Fear               Hex            4%         N/A       71%         4

Inventory:

Hand Weapons
 t - a +1 arbalest (weapon)
Armour
 e - the +1 cloak of Starlight (worn) {*Dazzle EV+4 Stlth--}
   (You acquired it on level 4 of the Dungeon)

   *Dazzle:   It may blind those who miss an attack against the wearer in melee
   combat.
   EV:        It affects your evasion (+4).
   Stlth:     It makes you much less stealthy.
 g - a +2 hat of intelligence (worn)
 s - the +0 acid dragon scales of Resilience (worn) {+Inv rF+ Regen+ rCorr Int+7}
   (Okawaru gifted it to you on level 2 of the Lair of Beasts)

   Int:       It affects your intelligence (+7).
   rF:        It protects you from fire.
   +Inv:      It lets you turn invisible.
   Regen:     It increases your rate of health regeneration.
   rCorr:     It protects you from acid and corrosion.
Jewellery
 b - an amulet of faith (around neck)
 d - an amulet of reflection
 h - a +6 ring of dexterity (left hand)
 k - a +5 ring of evasion (right hand)
 o - a ring of protection from fire
 r - the ring "Woluoch" {Fire Will+ rCorr MP+9 Str+3}
   (You found it in a Gauntlet)

   [ring of fire]

   It enhances your fire magic.
   Str:       It affects your strength (+3).
   rF:        It protects you from fire.
   rC:        It makes you vulnerable to cold.
   MP:        It affects your magic capacity (+9).
   rCorr:     It protects you from acid and corrosion.
   Will:      It increases your willpower.
Scrolls
 l - 3 scrolls of identify
 n - a scroll of enchant armour
Potions
 a - 3 potions of heal wounds
 f - 2 potions of curing
 i - 2 potions of resistance
 j - 4 potions of mutation
 m - a potion of magic
 p - 2 potions of haste
 q - a potion of enlightenment
 u - a potion of might

Dungeon Overview and Level Annotations

Branches:
Dungeon (11/15)            Temple (1/1) D:5            Lair (5/5) D:11
  Swamp (0/4) Lair:2        Snake (0/4) Lair:2          Orc (0/2) D:9
Gauntlet (visited)
  Slime: Lair:4-5

Altars:
Ashenzari
Cheibriados
Dithmenos
Elyvilon
Fedhas
Gozag
Hepliaklqana
Kikubaaqudgha
Makhleb
Nemelex Xobeh
Okawaru
Qazlal
Ru
Sif Muna
Trog
Uskayaw
Vehumet
Wu Jian
Xom
Yredelemnul
Zin
The Shining One

Shops:
D:3 ?   D:6 (*   D:7 *   D:11 =

Annotations:
D:6 2 transporters, qw's ghost, novice GrHs


Message History

The eight-headed hydra barely misses you.
The eight-headed hydra completely misses you. x3
The wind drake completely misses you.
The wind drake's vision is obscured by starry radiance!
You shoot a bolt. The basilisk hisses angrily.
The bolt hits the eight-headed hydra!!
The eight-headed hydra is almost dead.
The merfolk avatar chants its luring song.
The eight-headed hydra completely misses you.
You furiously retaliate!
You headbutt the eight-headed hydra!
The eight-headed hydra completely misses you.
The eight-headed hydra bites you.
The eight-headed hydra completely misses you. x2
The eight-headed hydra closely misses you. x2
The eight-headed hydra bites you but does no damage.
The eight-headed hydra barely misses you.
The eight-headed hydra misses you.
The eight-headed hydra completely misses you.
The eight-headed hydra bites you!
The eight-headed hydra closely misses you.
The eight-headed hydra bites you!
The eight-headed hydra closely misses you.
The eight-headed hydra completely misses you.
The black mamba completely misses you. The wind drake completely misses you.
A snapping turtle comes into view.
The merfolk avatar chants its luring song.
15561 ||| READING scroll of teleportation.
As you read the scroll of teleportation, it crumbles to dust.
You feel strangely unstable.
You feel like a meek peon again. The black mamba misses you.
The eight-headed hydra completely misses you.
The eight-headed hydra barely misses you.
The eight-headed hydra misses you. x2
The eight-headed hydra closely misses you.
The eight-headed hydra bites you! The eight-headed hydra misses you.
The eight-headed hydra completely misses you.
The snapping turtle bites you from afar!
You die...

#~.~~..%...~~P~~
#~~~#~~~#.......PP~~
#~~~#~~~~...P.#~777P
#P~~# ~.~....##77 7
#~~~#~P~~~....
m~~#~~.#~...[
tk#~~~#......
########%#
~~~~~~kS@#
~~~~~~~DD#
~~~~~~~P~#
~#~~~~~~~#
P~l~~~~~~~
~~P~##~~##~ ##~~
~~~# ~~ .~. .~.~~ .$
.. ..... ..D


You could see a merfolk avatar (mesmerising), 2 eight-headed hydras, a snapping
turtle, a wind drake (repels missiles, blind), a black mamba, a basilisk and a
rime drake.

Vanquished Creatures
  Rupert (Lair:4)
  Gastronok (Lair:3)
  Kirke (Lair:3)
  A minotaur (Gauntlet)
  Snorg (Lair:3)
  A boulder beetle (Lair:3)
  A two-headed ogre (D:11)
  9 death yaks
  A skyshark (Lair:2)
  A shining eye (Gauntlet)
  2 manticores (D:11)
  9 elephants
  A torpor snail (Gauntlet)
  4 cane toads
  A gargoyle (D:11)
  4 black mambas
  5 rime drakes
  6 komodo dragons
  A polar bear (Lair:4)
  Grinder (D:6)
  2 hornets (Gauntlet)
  Prince Ribbit (D:7)
  4 blink frogs
  A dream sheep (Lair:4)
  Sigmund (D:3)
  51 yaks
  2 wyverns
  2 wraiths
  2 basilisks
  A golden eye (Gauntlet)
  7 hogs (Lair:3)
  A steam dragon (D:9)
  Eustachio (D:5)
  4 nagas (Lair:2)
  10 water moccasins
  A floating eye (Gauntlet)
  3 ice beasts
  3 orc warriors
  2 black bears (D:11)
  13 wolves
  2 centaurs
  A phantom (D:5)
  4 kobold brigands
  20 bullfrogs
  3 gnoll sergeants
  5 scorpions
  20 wights
  6 killer bees (D:5)
  4 howler monkeys
  3 jellies
  8 orc priests
  3 hounds
  5 iguanas
  17 orc wizards
  3 sleepcaps
  18 gnolls
  5 adders
  A white imp (D:8)
  2 ufetubi
  4 worms
  2 dart slugs
  53 orcs
  4 endoplasms
  3 giant cockroaches
  6 goblins
  3 hobgoblins
  8 jackals
  25 kobolds
  3 quokkas
  4 ball pythons
  11 bats
  2 frilled lizards
  3 rats
425 creatures vanquished.

Vanquished Creatures (others)
  A cane toad (Lair:5)
  A kobold (D:8)
2 creatures vanquished.

Grand Total: 427 creatures vanquished

Notes
Turn   | Place    | Note
-------+----------+-------------------------------------------
     0 | D:1      | qw the Minotaur Hexslinger began the quest for the Orb.
     0 | D:1      | Reached XP level 1. HP: 16/16 MP: 1/1
     0 | D:1      | 0 ||| qw: Version: 0.3-a-52-g30416fa
     0 | D:1      | 0 ||| qw: Game counter: 7037
     0 | D:1      | 0 ||| qw: Melee chars always use a shield: true
     0 | D:1      | 0 ||| qw: God list: Okawaru
     0 | D:1      | 0 ||| qw: Allow faded altars: false
     0 | D:1      | 0 ||| qw: Do Orc after clearing Dungeon:15 true
     0 | D:1      | 0 ||| qw: Do second Lair branch before Depths: true
     0 | D:1      | 0 ||| qw: Lair rune preference: random
     0 | D:1      | 0 ||| qw: Goals: Normal
     0 | D:1      | 0 ||| PLANNING D:1-11
   166 | D:1      | Reached skill level 3 in Ranged Weapons
   167 | D:1      | Reached XP level 2. HP: 23/23 MP: 2/2
   788 | D:1      | 788 ||| UPGRADING to amulet of reflection.
   796 | D:1      | 796 ||| READING scroll labelled OSMAOSKEDWE.
   799 | D:1      | 799 ||| READING scroll labelled ISE BYPEACW.
   800 | D:1      | 800 ||| DRINKING 2 blue potions.
   905 | D:1      | 905 ||| DRINKING 2 ruby potions.
   915 | D:1      | 915 ||| DROPPING scroll of poison.
   916 | D:1      | 916 ||| DROPPING potion of berserk rage.
   917 | D:1      | 917 ||| DROPPING potion of ambrosia.
  1106 | D:2      | Reached XP level 3. HP: 20/29 MP: 3/3
  1613 | D:2      | Reached skill level 4 in Ranged Weapons
  1672 | D:2      | 1672 ||| UPGRADING to +5 ring of evasion.
  1673 | D:2      | 1673 ||| READING scroll labelled EMOENA ZYADOU.
  1745 | D:3      | Noticed Sigmund
  1758 | D:3      | Killed Sigmund
  1759 | D:3      | Reached skill level 6 in Ranged Weapons
  1759 | D:3      | Reached XP level 4. HP: 16/36 MP: 4/4
  1759 | D:3      | Reached XP level 5. HP: 18/41 MP: 5/5
  2012 | D:3      | Reached skill level 3 in Fighting
  2087 | D:3      | Reached XP level 6. HP: 51/51 MP: 6/6
  2120 | D:3      | Found Jiav's Magic Scroll Emporium.
  2129 | D:3      | 2129 ||| SHOPLISTING scroll of enchant weapon (105 gold,
                  | have 99).
  2129 | D:3      | 2129 ||| BUYING scroll of identify (28 gold).
  2129 | D:3      | Bought a scroll of identify for 28 gold pieces
  2129 | D:3      | 2129 ||| BUYING scroll of identify (28 gold).
  2129 | D:3      | Bought a scroll of identify for 28 gold pieces
  2129 | D:3      | 2129 ||| BUYING scroll of identify (28 gold).
  2129 | D:3      | Bought a scroll of identify for 28 gold pieces
  2129 | D:3      | 2129 ||| SHOPLISTING scroll of teleportation (42 gold, have
                  | 15).
  2306 | D:3      | 2306 ||| UPGRADING to +0 ring mail.
  2316 | D:3      | 2316 ||| DROPPING +0 robe.
  2317 | D:3      | 2317 ||| UPGRADING to ring of protection from cold.
  2318 | D:3      | 2318 ||| READING scroll labelled JEOBUJ SAZAIPI.
  2319 | D:3      | 2319 ||| READING scroll labelled FIUWAE ISUSUDAQU.
  2323 | D:3      | 2323 ||| READING scroll labelled KIRIHELIZY.
  2324 | D:3      | 2324 ||| READING 3 scrolls of identify.
  2324 | D:3      | 2324 ||| IDENTIFYING murky inky potion
  2325 | D:3      | 2325 ||| READING 2 scrolls of identify.
  2325 | D:3      | 2325 ||| IDENTIFYING sedimented emerald potion
  2326 | D:3      | 2326 ||| DROPPING potion of invisibility.
  2373 | D:4      | 2373 ||| STAIRDANCE
  2418 | D:4      | 2418 ||| STAIRDANCE
  2429 | D:3      | Reached skill level 1 in Armour
  2675 | D:4      | Found a bloodstained altar of Trog.
  2878 | D:4      | Found an opulent altar of Gozag.
  3326 | D:4      | 3326 ||| DROPPING amulet of the acrobat.
  3327 | D:4      | 3327 ||| READING scroll labelled SUEMYMAHEC.
  3327 | D:4      | Identified a scroll of acquirement
  3327 | D:4      | 3327 ||| ACQUIRING +1 cloak of Starlight {*Dazzle EV+4
                  | Stlth--}
  3327 | D:4      | Acquired the +1 cloak of Starlight {*Dazzle EV+4 Stlth--}
  3327 | D:4      | Found the +1 cloak of Starlight {*Dazzle EV+4 Stlth--}
  3329 | D:4      | 3329 ||| UPGRADING to +1 cloak of Starlight {*Dazzle EV+4
                  | Stlth--}.
  3334 | D:4      | 3334 ||| DRINKING 2 amethyst potions.
  3357 | D:4      | 3357 ||| READING 2 scrolls of identify.
  3357 | D:4      | 3357 ||| IDENTIFYING red potion
  3358 | D:4      | 3358 ||| DROPPING potion of attraction.
  3359 | D:4      | 3359 ||| DROPPING potion of lignification.
  3391 | D:5      | Entered Level 5 of the Dungeon
  3415 | D:5      | Found a staircase to the Ecumenical Temple.
  3415 | D:5      | Noticed an ice beast
  3416 | D:5      | 3416 ||| PLANNING TEMPLE
  3433 | D:5      | Killed an ice beast
  3434 | D:5      | Reached skill level 7 in Ranged Weapons
  3436 | D:5      | Reached XP level 7. HP: 55/59 MP: 7/7
  3546 | Temple   | Entered the Ecumenical Temple
  3547 | Temple   | 3547 ||| PLANNING OKAWARU WORSHIP
  3547 | Temple   | 3547 ||| STAIRDANCE
  3549 | D:5      | 3549 ||| FLEEEEING.
  3550 | D:5      | 3550 ||| FLEEEEING.
  3551 | D:5      | 3551 ||| FLEEEEING.
  3552 | D:5      | 3552 ||| FLEEEEING.
  3553 | D:5      | 3553 ||| FLEEEEING.
  3569 | D:5      | Reached skill level 8 in Ranged Weapons
  3571 | D:5      | Noticed Eustachio
  3625 | D:5      | Killed Eustachio
  3626 | D:5      | 3626 ||| FLEEEEING.
  3627 | D:5      | 3627 ||| FLEEEEING.
  3628 | D:5      | 3628 ||| FLEEEEING.
  3629 | D:5      | 3629 ||| FLEEEEING.
  3630 | D:5      | 3630 ||| FLEEEEING.
  3631 | D:5      | 3631 ||| STAIRDANCE
  3702 | D:5      | 3702 ||| STAIRDANCE
  3711 | D:4      | Reached skill level 9 in Ranged Weapons
  3711 | D:4      | Reached XP level 8. HP: 50/68 MP: 8/8
  3809 | D:5      | Reached skill level 3 in Dodging
  3896 | Temple   | Became a worshipper of Warmaster Okawaru
  3897 | Temple   | 3897 ||| PLANNING D:1-11
  4171 | D:5      | 4171 ||| READING 3 scrolls labelled VIPTOD NAVVU.
  4172 | D:5      | 4172 ||| DROPPING 2 scrolls of immolation.
  4197 | D:6      | 4197 ||| STAIRDANCE
  4253 | D:6      | 4253 ||| STAIRDANCE
  4293 | D:6      | 4293 ||| STAIRDANCE
  4326 | D:6      | 4326 ||| STAIRDANCE
  4360 | D:6      | 4360 ||| STAIRDANCE
  4387 | D:6      | 4387 ||| STAIRDANCE
  4444 | D:6      | 4444 ||| STAIRDANCE
  4475 | D:6      | 4475 ||| STAIRDANCE
  4503 | D:6      | Reached skill level 6 in Fighting
  4619 | D:6      | Noticed Grinder
  4624 | D:6      | 4624 ||| Stepping ~*~*~tactically~*~*~ (outnumbered).
  4647 | D:6      | Killed Grinder
  4648 | D:6      | Reached skill level 10 in Ranged Weapons
  4720 | D:6      | Reached * piety under Okawaru
  4790 | D:6      | Found a transporter.
  4791 | D:6      | Found a transporter.
  4792 | D:6      | Noticed qw's ghost (novice GrHs)
  4897 | D:6      | Found Woyzog's Antique Weapon Emporium.
  4906 | D:6      | 4906 ||| BUYING shortbow (75 gold).
  4906 | D:6      | Bought a shortbow for 75 gold pieces
  4906 | D:6      | 4906 ||| SWAPPING to +0 shortbow.
  4907 | D:6      | 4907 ||| DROPPING +1 sling of freezing.
  4929 | D:6      | 4929 ||| Stepping ~*~*~tactically~*~*~ (outnumbered).
  4953 | D:6      | Reached skill level 1 in Invocations
  4953 | D:6      | 4953 ||| INVOKING Heroism.
  5266 | D:6      | Reached XP level 9. HP: 62/78 MP: 9/9
  5315 | D:6      | Found Fipenlol's CLEARANCE SALE!.
  5339 | D:6      | 5339 ||| SHOPLISTING +2 robe of fire resistance (88 gold,
                  | have 87).
  5339 | D:6      | 5339 ||| BUYING potion of curing (15 gold).
  5339 | D:6      | Bought a potion of curing for 15 gold pieces
  5530 | D:6      | 5530 ||| INVOKING Heroism.
  5538 | D:6      | Reached skill level 3 in Invocations
  5791 | D:7      | 5791 ||| INVOKING Heroism.
  5867 | D:7      | 5867 ||| FLEEEEING.
  5868 | D:7      | 5868 ||| FLEEEEING.
  5869 | D:7      | 5869 ||| FLEEEEING.
  5871 | D:7      | 5871 ||| FLEEEEING.
  5872 | D:7      | 5872 ||| FLEEEEING.
  5873 | D:7      | 5873 ||| FLEEEEING.
  5874 | D:7      | 5874 ||| FLEEEEING.
  5875 | D:7      | 5875 ||| FLEEEEING.
  5876 | D:7      | 5876 ||| FLEEEEING.
  5877 | D:7      | 5877 ||| FLEEEEING.
  5878 | D:7      | 5878 ||| FLEEEEING.
  5879 | D:7      | 5879 ||| FLEEEEING.
  5880 | D:7      | 5880 ||| FLEEEEING.
  5881 | D:7      | 5881 ||| FLEEEEING.
  5882 | D:7      | 5882 ||| INVOKING Heroism.
  5892 | D:7      | Reached skill level 11 in Ranged Weapons
  5895 | D:7      | 5895 ||| DRINKING 2 potions of curing.
  5895 | D:7      | 5895 ||| (to cure confusion)
  5916 | D:7      | 5916 ||| Stepping ~*~*~tactically~*~*~ (outnumbered).
  5922 | D:7      | 5922 ||| FLEEEEING.
  5925 | D:7      | 5925 ||| FLEEEEING.
  5926 | D:7      | 5926 ||| FLEEEEING.
  5927 | D:7      | 5927 ||| FLEEEEING.
  5928 | D:7      | 5928 ||| FLEEEEING.
  5929 | D:7      | 5929 ||| FLEEEEING.
  5930 | D:7      | 5930 ||| STAIRDANCE
  5968 | D:6      | 5968 ||| READING scroll labelled XERIZU ODIUXEE.
  5969 | D:6      | 5969 ||| READING 2 scrolls of identify.
  5969 | D:6      | 5969 ||| IDENTIFYING emerald potion
  5987 | D:7      | Noticed Prince Ribbit
  5988 | D:7      | 5988 ||| INVOKING Heroism.
  6005 | D:7      | Killed Prince Ribbit
  6058 | D:7      | Reached ** piety under Okawaru
  6101 | D:7      | 6101 ||| Stepping ~*~*~tactically~*~*~ (outnumbered).
  6103 | D:7      | 6103 ||| Stepping ~*~*~tactically~*~*~ (outnumbered).
  6108 | D:7      | 6108 ||| INVOKING Heroism.
  6362 | D:7      | Found Luuhast's General Store.
  6514 | D:7      | 6514 ||| BUYING potion of curing (39 gold).
  6514 | D:7      | Bought a potion of curing for 39 gold pieces
  6514 | D:7      | 6514 ||| READING scroll labelled ESSOZXEERGHA.
  6589 | D:8      | 6589 ||| INVOKING Heroism.
  6596 | D:8      | Reached skill level 12 in Ranged Weapons
  6833 | D:8      | 6833 ||| FLEEEEING.
  6834 | D:8      | 6834 ||| FLEEEEING.
  6835 | D:8      | 6835 ||| STAIRDANCE
  6874 | D:7      | 6874 ||| READING 2 scrolls of identify.
  6874 | D:7      | 6874 ||| IDENTIFYING black potion
  6972 | D:8      | 6972 ||| INVOKING Heroism.
  6985 | D:8      | Reached XP level 10. HP: 71/86 MP: 10/12
  7035 | D:8      | 7035 ||| INVOKING Heroism.
  7068 | D:8      | 7068 ||| INVOKING Heroism.
  7069 | D:8      | HP: 21/88 [something/magic dart (5)]
  7079 | D:8      | HP: 21/88 [something (1)]
  7332 | D:8      | 7332 ||| INVOKING Heroism.
  7435 | D:8      | 7435 ||| Stepping ~*~*~tactically~*~*~ (outnumbered).
  7816 | D:8      | 7816 ||| UPGRADING to +6 ring of dexterity.
  7818 | D:8      | 7818 ||| UPGRADING to +5 ring of evasion.
  7820 | D:8      | 7820 ||| DROPPING ring of protection from cold.
  7821 | D:8      | 7821 ||| READING scroll labelled DAOREO SEEHEUSUI.
  7822 | D:8      | 7822 ||| READING 2 scrolls of identify.
  7822 | D:8      | 7822 ||| IDENTIFYING fuming purple potion
  7854 | D:9      | 7854 ||| STAIRDANCE
  7856 | D:8      | 7856 ||| INVOKING Heroism.
  7967 | D:9      | 7967 ||| FLEEEEING.
  7968 | D:9      | 7968 ||| FLEEEEING.
  7969 | D:9      | 7969 ||| FLEEEEING.
  7970 | D:9      | 7970 ||| FLEEEEING.
  7971 | D:9      | 7971 ||| STAIRDANCE
  8086 | D:9      | Reached skill level 6 in Dodging
  8248 | D:9      | 8248 ||| INVOKING Heroism.
  8258 | D:9      | 8258 ||| Stepping ~*~*~tactically~*~*~ (cloud).
  8368 | D:9      | Found a burning altar of Makhleb.
  8487 | D:9      | Found a shadowy altar of Dithmenos.
  8487 | D:9      | Found a glowing golden altar of the Shining One.
  8494 | D:9      | Found a blossoming altar of Fedhas.
  8496 | D:9      | Found a broken altar of Ashenzari.
  8498 | D:9      | Found a basalt altar of Yredelemnul.
  8532 | D:9      | Found a staircase to the Orcish Mines.
  8552 | D:9      | 8552 ||| Stepping ~*~*~tactically~*~*~ (outnumbered).
  8557 | D:9      | 8557 ||| INVOKING Heroism.
  8647 | D:9      | 8647 ||| INVOKING Heroism.
  8736 | D:9      | 8736 ||| INVOKING Heroism.
  8744 | D:9      | Reached skill level 13 in Ranged Weapons
  8764 | D:9      | Reached skill level 9 in Fighting
  9002 | D:9      | 9002 ||| UPGRADING to amulet of faith.
  9012 | D:9      | 9012 ||| READING 2 scrolls of identify.
  9012 | D:9      | 9012 ||| IDENTIFYING fizzy cyan potion
  9013 | D:9      | 9013 ||| DROPPING potion of brilliance.
  9025 | D:10     | Entered Level 10 of the Dungeon
  9077 | D:10     | 9077 ||| DRINKING 5 potions of curing.
  9077 | D:10     | 9077 ||| (to cure confusion)
  9078 | D:10     | 9078 ||| INVOKING Heroism.
  9163 | D:10     | Identified the +6 shortbow of the Several Defenders
                  | {freeze, rPois Str+2}
  9165 | D:10     | 9165 ||| SWAPPING to +6 shortbow of the Several Defenders
                  | {freeze, rPois Str+2}.
  9166 | D:10     | 9166 ||| DROPPING +1 shortbow.
  9212 | D:10     | Reached *** piety under Okawaru
  9402 | D:10     | 9402 ||| Stepping ~*~*~tactically~*~*~ (outnumbered).
  9529 | D:10     | Found an ornate altar of the Wu Jian Council.
  9815 | D:10     | 9815 ||| DRINKING 2 green potions.
  9857 | D:11     | Found Megguwn's Jewellery Emporium.
  9858 | D:11     | 9858 ||| PLANNING GAUNTLET
  9861 | D:11     | Noticed a manticore
  9862 | D:11     | 9862 ||| INVOKING Heroism.
  9871 | D:11     | Killed a manticore
  9872 | D:11     | Reached XP level 11. HP: 93/97 MP: 11/13
  9890 | D:11     | 9890 ||| SHOPLISTING amulet of Eniqiq {Faith Rampage rPois
                  | Str-3 SInv} (589 gold, have 332).
  9898 | D:11     | Identified the +1 dagger of Migyza {vamp, Str+2 Int+2
                  | Dex+2}
  9923 | D:11     | Reached skill level 14 in Ranged Weapons
  9927 | D:11     | 9927 ||| Stepping ~*~*~tactically~*~*~ (outnumbered).
  9929 | D:11     | 9929 ||| INVOKING Heroism.
  9937 | D:11     | Reached **** piety under Okawaru
  9957 | D:11     | 9957 ||| INVOKING Heroism.
 10110 | D:11     | Found a staircase to the Lair.
 10127 | D:11     | Found a gate leading to a gauntlet.
 10128 | D:11     | 10128 ||| DROPPING +2 cloak.
 10129 | D:11     | 10129 ||| DRINKING 2 puce potions.
 10134 | D:11     | Noticed a two-headed ogre
 10135 | D:11     | 10135 ||| INVOKING Heroism.
 10147 | D:11     | Killed a two-headed ogre
 10157 | Gauntlet | Entered a Gauntlet
 10157 | Gauntlet | Found a transporter.
 10157 | Gauntlet | Found a transporter.
 10161 | Gauntlet | Found a transporter.
 10161 | Gauntlet | Found a transporter.
 10167 | Gauntlet | Noticed a sixfirhy
 10171 | Gauntlet | Found a transporter.
 10171 | Gauntlet | Found a transporter.
 10180 | Gauntlet | Noticed a sun demon
 10181 | Gauntlet | Found a transporter.
 10181 | Gauntlet | Found a transporter.
 10212 | Gauntlet | Noticed a death yak
 10226 | Gauntlet | Found a transporter.
 10244 | Gauntlet | Found a transporter.
 10268 | Gauntlet | Found a transporter.
 10304 | Gauntlet | Found a transporter.
 10320 | Gauntlet | Found a transporter.
 10332 | Gauntlet | Found a transporter.
 10424 | Gauntlet | Found a transporter.
 10429 | Gauntlet | Noticed a shining eye
 10438 | Gauntlet | Found a transporter.
 10455 | Gauntlet | Noticed a death yak
 10458 | Gauntlet | Noticed a death yak
 10546 | Gauntlet | 10546 ||| DROPPING ring of flight.
 10572 | Gauntlet | Killed a shining eye
 10573 | Gauntlet | 10573 ||| DRINKING 4 potions of curing.
 10573 | Gauntlet | 10573 ||| (to cure confusion)
 10575 | Gauntlet | 10575 ||| DRINKING 3 potions of curing.
 10575 | Gauntlet | 10575 ||| (to cure confusion)
 10576 | Gauntlet | 10576 ||| DRINKING 2 potions of curing.
 10576 | Gauntlet | 10576 ||| (to cure confusion)
 10609 | Gauntlet | 10609 ||| INVOKING Heroism.
 10619 | Gauntlet | Killed a death yak
 10620 | Gauntlet | Reached skill level 6 in Invocations
 10632 | Gauntlet | 10632 ||| INVOKING Heroism.
 10637 | Gauntlet | HP: 7/101 [death yak (24)]
 10638 | Gauntlet | 10638 ||| DRINKING 3 potions of heal wounds.
 10642 | Gauntlet | Killed a death yak
 10642 | Gauntlet | Reached ***** piety under Okawaru
 10642 | Gauntlet | HP: 14/101 [death yak (15)]
 10643 | Gauntlet | 10643 ||| DRINKING 2 potions of heal wounds.
 10644 | Gauntlet | 10644 ||| INVOKING Finesse.
 10650 | Gauntlet | Killed a death yak
 10833 | Gauntlet | Identified the ring "Woluoch" {Fire Will+ rCorr MP+9 Str+3}
 10851 | Gauntlet | Noticed a minotaur
 10852 | Gauntlet | 10852 ||| INVOKING Heroism.
 10862 | Gauntlet | Killed a minotaur
 10922 | Gauntlet | Identified the +1 halberd of Famotem {flame, +Blink rCorr
                  | Int+3 Dex+2}
 10943 | D:11     | 10943 ||| PLANNING LAIR
 10957 | Lair:1   | Entered Level 1 of the Lair of Beasts
 10966 | Lair:1   | 10966 ||| SWAPPING to +0 arbalest.
 10967 | Lair:1   | 10967 ||| DROPPING +6 shortbow of the Several Defenders
                  | {freeze, rPois Str+2}.
 10968 | Lair:1   | 10968 ||| READING scroll of enchant weapon.
 10968 | Lair:1   | 10968 ||| ENCHANTING +0 arbalest.
 10985 | Lair:1   | 10985 ||| INVOKING Heroism.
 11053 | Lair:1   | Reached XP level 12. HP: 102/110 MP: 16/16
 11338 | Lair:1   | Received a gift from Okawaru
 11859 | Lair:2   | Found a staircase to the Snake Pit.
 11863 | Lair:2   | Reached ****** piety under Okawaru
 11863 | Lair:2   | Identified the +0 acid dragon scales of Resilience {+Inv
                  | rF+ Regen+ rCorr Int+7} (Okawaru gifted it to you on level
                  | 2 of the Lair of Beasts)
 11863 | Lair:2   | Received a gift from Okawaru
 11864 | Lair:2   | Reached skill level 15 in Ranged Weapons
 11864 | Lair:2   | Reached skill level 9 in Invocations
 11865 | Lair:2   | 11865 ||| INVOKING Heroism.
 12037 | Lair:2   | 12037 ||| FLEEEEING.
 12038 | Lair:2   | 12038 ||| FLEEEEING.
 12039 | Lair:2   | 12039 ||| FLEEEEING.
 12196 | Lair:2   | Found a staircase to the Swamp.
 12220 | Lair:2   | 12220 ||| INVOKING Heroism.
 12610 | Lair:2   | 12610 ||| INVOKING Heroism.
 12614 | Lair:2   | Reached skill level 16 in Ranged Weapons
 12763 | Lair:2   | 12763 ||| INVOKING Heroism.
 12968 | Lair:2   | 12968 ||| UPGRADING to +0 acid dragon scales of Resilience
                  | {+Inv rF+ Regen+ rCorr Int+7}.
 12978 | Lair:2   | 12978 ||| DROPPING +0 ring mail.
 12979 | Lair:2   | 12979 ||| DROPPING ring of willpower.
 13014 | Lair:3   | Noticed Gastronok
 13014 | Lair:3   | Noticed a death yak
 13015 | Lair:3   | 13015 ||| INVOKING Heroism.
 13016 | Lair:3   | 13016 ||| INVOKING Finesse.
 13022 | Lair:3   | Noticed a death yak
 13025 | Lair:3   | Killed a death yak
 13028 | Lair:3   | Noticed a death yak
 13032 | Lair:3   | Noticed a death yak
 13033 | Lair:3   | Noticed a death yak
 13039 | Lair:3   | Killed Gastronok
 13040 | Lair:3   | Reached skill level 9 in Dodging
 13040 | Lair:3   | Reached XP level 13. HP: 97/116 MP: 13/19
 13043 | Lair:3   | Received a gift from Okawaru
 13078 | Lair:3   | 13078 ||| STAIRDANCE
 13183 | Lair:3   | 13183 ||| DROPPING +0 heavy orcbow.
 13336 | Lair:3   | Reached skill level 17 in Ranged Weapons
 13466 | Lair:3   | You fall into a shaft and drop 1 floor!
 13470 | Lair:4   | 13470 ||| UPGRADING to +1 hat of intelligence.
 13475 | Lair:4   | 13475 ||| DROPPING scarf of harm.
 13476 | Lair:4   | 13476 ||| READING 2 scrolls of enchant armour.
 13476 | Lair:4   | 13476 ||| ENCHANTING +1 hat of intelligence.
 13527 | Lair:3   | Noticed Snorg
 13528 | Lair:3   | 13528 ||| INVOKING Heroism.
 13529 | Lair:3   | 13529 ||| INVOKING Finesse.
 13537 | Lair:3   | Killed Snorg
 13604 | Lair:3   | Noticed Kirke
 13605 | Lair:3   | 13605 ||| INVOKING Heroism.
 13606 | Lair:3   | 13606 ||| INVOKING Finesse.
 13607 | Lair:3   | Received a gift from Okawaru
 13626 | Lair:3   | 13626 ||| Stepping randomly (disturbance).
 13627 | Lair:3   | 13627 ||| Stepping randomly (disturbance).
 13629 | Lair:3   | 13629 ||| Stepping randomly (disturbance).
 13630 | Lair:3   | 13630 ||| Stepping randomly (disturbance).
 13631 | Lair:3   | 13631 ||| Stepping randomly (disturbance).
 13633 | Lair:3   | 13633 ||| Stepping randomly (disturbance).
 13634 | Lair:3   | 13634 ||| FLEEEEING.
 13635 | Lair:3   | 13635 ||| READING 4 scrolls of teleportation.
 13636 | Lair:3   | 13636 ||| FLEEEEING.
 13637 | Lair:3   | 13637 ||| FLEEEEING.
 13638 | Lair:3   | 13638 ||| FLEEEEING.
 13639 | Lair:3   | 13639 ||| FLEEEEING.
 13747 | Lair:3   | 13747 ||| INVOKING Heroism.
 13748 | Lair:3   | 13748 ||| INVOKING Finesse.
 13750 | Lair:3   | Noticed a sphinx
 13766 | Lair:3   | Noticed a sphinx
 13767 | Lair:3   | Killed Kirke
 13767 | Lair:3   | Identified the scarf of Experimentation {+Inv, Harm rPois
                  | rN++ Dex-3} (Okawaru gifted it to you on level 3 of the
                  | Lair of Beasts)
 13767 | Lair:3   | Received a gift from Okawaru
 13951 | Lair:3   | 13951 ||| INVOKING Heroism.
 13952 | Lair:3   | 13952 ||| INVOKING Finesse.
 14022 | Lair:3   | 14022 ||| INVOKING Heroism.
 14336 | Lair:3   | 14336 ||| DROPPING scarf of Experimentation {+Inv, Harm
                  | rPois rN++ Dex-3}.
 14398 | Lair:4   | Reached skill level 18 in Ranged Weapons
 14456 | Lair:4   | Reached skill level 12 in Fighting
 14509 | Lair:4   | 14509 ||| FLEEEEING.
 14516 | Lair:4   | 14516 ||| INVOKING Heroism.
 14520 | Lair:4   | Noticed Rupert
 14533 | Lair:4   | Killed Rupert
 14533 | Lair:4   | HP: 26/118 [dream sheep (8)]
 14534 | Lair:4   | Reached skill level 6 in Armour
 14534 | Lair:4   | 14534 ||| READING 3 scrolls of teleportation.
 14535 | Lair:4   | 14535 ||| DRINKING 5 potions of heal wounds.
 14624 | Lair:4   | 14624 ||| INVOKING Heroism.
 15489 | Lair:4   | 15489 ||| READING 4 scrolls of identify.
 15489 | Lair:4   | 15489 ||| IDENTIFYING dark potion
 15532 | Lair:5   | Entered Level 5 of the Lair of Beasts
 15533 | Lair:5   | 15533 ||| INVOKING Heroism.
 15545 | Lair:5   | HP: 29/118 [wind drake/the air (3)]
 15546 | Lair:5   | 15546 ||| READING 2 scrolls of teleportation.
 15549 | Lair:5   | 15549 ||| DRINKING 4 potions of heal wounds.
 15551 | Lair:5   | 15551 ||| Stepping ~*~*~tactically~*~*~ (water).
 15560 | Lair:5   | HP: 26/119 [eight-headed hydra (6)]
 15560 | Lair:5   | HP: 7/119 [eight-headed hydra (11)]
 15561 | Lair:5   | 15561 ||| READING scroll of teleportation.
 15561 | Lair:5   | HP: 1/119 [eight-headed hydra (8)]
 15561 | Lair:5   | Demolished by a snapping turtle

Levels and vault maps discovered:
D:1:      lightli_molten_gateway, layout_basic
D:2:      layout_loops_ring
D:3:      layout_basic, serial_shops, nicolae_shop_stone, uniq_sigmund
D:4:      layout_loops_corners, mainiacjoe_overflow_catwalk_spiral,
          amethyst_killhole, minivault_25, palyth_stone_intersect
D:5:      layout_rooms, minmay_temple_entry_large_hall, uniq_eustachio
D:6:      layout_loops_corners, serial_shops, nicolae_shop_overgrown_old_shop,
          gammafunk_ghost_smash, roderic_batcave, nicolae_shop_clearance,
          uniq_grinder
D:7:      layout_cave_pools, nicolae_inconvenience_store, uniq_prince_ribbit1
D:8:      layout_loops_cross, grunt_decor_clamped, minmay_orc_keep
D:9:      layout_basic, overflow_temple_1_default,
          chequers_temple_overflow_minitemple, orc_0_dummy
D:10:     layout_loops_cross, nicolae_wu_jian_glorious_leap
D:11:     layout_cross, due_lair_maze_entry_diamond, gauntlet_entry_generic,
          serial_shops, nicolae_shop_hallway_stairs, shop, shop,
          nicolae_shop_hallway_plus, nicolae_shop_tiny_statue_garden,
          nicolae_vehumet_altar_sigil, uniq_sonja
Temple:   nicolae_temple_ecumenical_triangle
Lair:1:   layout_regular_city, beast_lair_carwin_5, serial_bayou_shore_a,
          grunt_megastairs_2
Lair:2:   layout_roguey, swamp_mist, minmay_snake_entry_guardpost_small
Lair:3:   layout_regular_city, uniq_kirke, uniq_gastronok, uniq_snorg
Lair:4:   layout_cellular_growth, chequers_serial_rivers_large_b, st_stairs_4,
          serial_bayou_shore_b, uniq_rupert
Lair:5:   gammafunk_lair_ancient_temple, layout_cave_shapes,
          dpeg_slime_entry_enclosed, ldierk_geyser, serial_bayou_lagoon_b

Skill      XL: |  1  2  3  4  5  6  7  8  9 10 11 12 13 |
---------------+----------------------------------------+-----
Ranged Weapons | 3 6 7 9 10 12 13 14 16 18 | 18.0
Fighting       | 2 3 4 5 7 8 9 11 12 | 12.3
Armour         | 1 2 4 5 6 |  6.7
Dodging        | 3 4 7 8 9 10 | 10.1
Invocations    | 2 4 7 10 | 10.0
Spellcasting   | |  1.0
Hexes          | |  2.0

Action                     |  1- 3 |  4- 6 |  7- 9 | 10-12 | 13-15 || total
---------------------------+-------+-------+-------+-------+-------++-------
  Melee: Unarmed           |       |       |       |       |     1 ||     1
   Fire: Sling             |   115 |   119 |   237 |       |       ||   471
         Shortbow          |       |       |   349 |   479 |       ||   828
         Arbalest          |       |       |       |   240 |   242 ||   482
 Invoke: Heroism           |       |       |     8 |    22 |     8 ||    38
         Finesse           |       |       |       |     2 |     4 ||     6
    Use: Scroll            |     3 |     7 |     5 |     4 |     6 ||    25
         Potion            |     2 |     1 |     1 |     8 |     2 ||    14
 Armour: Robe              |     7 |       |       |       |       ||     7
         Ring mail         |       |    11 |    80 |    49 |       ||   140
         Acid dragon scale |       |       |       |       |    45 ||    45
  Dodge: Dodged            |    21 |    45 |   343 |   560 |   339 ||  1308
  Block: Other             |     8 |    14 |    95 |    58 |       ||   175
         Reflection        |       |       |     1 |     3 |       ||     4

Table legend:
 A = Non-vault XP
 B = Vault XP
 C = Vault XP percentage of total XP
 D = Non-vault monster count
 E = Vault monster count
 F = Vault count percentage of total count
                 A         B        C        D         E       F
            +---------+---------+-------+---------+---------+-------
      Total |   40380 |   19014 |  32.0 |     353 |      73 |  17.1
            +---------+---------+-------+---------+---------+-------
        D:1 |      27 |       0 |   0.0 |      16 |       0 |   0.0
        D:2 |      35 |       0 |   0.0 |      17 |       0 |   0.0
        D:3 |     131 |     231 |  63.8 |      13 |       1 |   7.1
        D:4 |     190 |       0 |   0.0 |      17 |       0 |   0.0
        D:5 |     891 |     182 |  17.0 |      24 |       1 |   4.0
        D:6 |    1368 |     308 |  18.4 |      36 |      11 |  23.4
        D:7 |    1143 |     277 |  19.5 |      34 |       1 |   2.9
        D:8 |    1227 |     263 |  17.7 |      33 |       9 |  21.4
        D:9 |    2508 |       0 |   0.0 |      36 |       0 |   0.0
       D:10 |    1731 |       0 |   0.0 |      19 |       0 |   0.0
       D:11 |    2761 |    1365 |  33.1 |       7 |      11 |  61.1
     Lair:1 |    4740 |    1648 |  25.8 |      26 |       8 |  23.5
     Lair:2 |    8322 |     646 |   7.2 |      33 |       4 |  10.8
     Lair:3 |    6602 |    5242 |  44.3 |      12 |      10 |  45.5
     Lair:4 |    7452 |    2254 |  23.2 |      26 |       3 |  10.3
     Lair:5 |    1252 |    1234 |  49.6 |       4 |       4 |  50.0
   Gauntlet |       0 |    5364 | 100.0 |       0 |      10 | 100.0
            +---------+---------+-------+---------+---------+-------
